 Dungeon Crawl Stone Soup version 0.16.1-11-g651b585 (webtiles) character file.

587578 KarvaRausku the Slayer (level 26, -3/182 HPs)
             Began as a Hill Orc Fighter on Apr 6, 2015.
             Was the Champion of Beogh.
             Killed from afar by an orb of fire (53 damage)
             ... with a fireball
             ... on level 5 of the Realm of Zot.
             The game lasted 08:32:11 (83186 turns).

KarvaRausku the Slayer (Hill Orc Fighter)          Turns: 83186, Time: 08:32:11

Health: -3/182     AC: 46    Str: 31 (32) XL:     26   Next: 88%
Magic:  0/28       EV: 18    Int: 14      God:    Beogh [******]
Gold:   5956       SH: 19    Dex: 13 (14) Spells: 0 memorised, 25 levels left

rFire  . . .     SeeInvis .     u - +7 morningstar "Crif Phisai" {flame, rN++ MR+}
rCold  + . .     Rnd*Rage +     z - +10 plate armour "Triwez" {Slay+3}
rNeg   + + +     SustAb   .     a - +0 shield "Duhaov" {MR+ Int+3}
rPois  +         Gourm    .     T - +2 hat {Int+3}
rElec  .         Spirit   +     I - +0 cloak of the New World {Contam rPois rC+ rN+}
rCorr  .         Warding  .     R - +2 pair of gloves "Sehoug" {Str+3}
rMut   .         Stasis   .     p - +2 pair of boots
MR     +++..                    W - amulet of Wasakh {Spirit MP+9 Slay+2}
Stlth  ..........               K - +4 ring of strength
                                v - +4 ring of evasion

@: very slightly contaminated, hasted, very quick, extremely resistant to
hostile enchantments, extremely unstealthy
A: walk on water, repulsion field 1, icy blue scales 1, berserk 1, blurry vision
1, frail 3, low mp 1, weak 1, no device heal 2, MP-powered wands 1
a: Smiting, Recall Orcish Followers, Give Item to Named Follower, Renounce
Religion
}: 4/15 runes: decaying, serpentine, slimy, silver


You were on level 5 of the Realm of Zot.
You worshipped Beogh.
Beogh was exalted by your worship.
You were not hungry.

You visited 11 branches of the dungeon, and saw 62 of its levels.
You visited 1 bazaar.

You collected 8115 gold pieces.
You spent 2159 gold pieces at shops.

Inventory:

Hand weapons
 c - a +2 demon whip of draining
 u - the +7 morningstar "Crif Phisai" (weapon) {flame, rN++ MR+}
   (You found it on level 4 of the Snake Pit)

   It has been specially enchanted to burn those struck by it, causing extra
   injury to most foes and up to half again as much damage against particularly
   susceptible opponents.
   It greatly protects you from negative energy.
   It affects your resistance to hostile enchantments.
 F - the +8 flail of Neurosis {flame, rElec}
   (You found it on level 4 of the Depths)

   It has been specially enchanted to burn those struck by it, causing extra
   injury to most foes and up to half again as much damage against particularly
   susceptible opponents.
   It insulates you from electricity.
 L - the +9 hand crossbow "Asaci" {velocity, -Cast MR+ Int+3 Dex+3}
   (You found it on level 6 of the Pits of Slime)

   Any bolt fired from it inflicts extra damage.
   It affects your intelligence (+3).
   It affects your dexterity (+3).
   It affects your resistance to hostile enchantments.
   It prevents spellcasting.
Armour
 a - the +0 shield "Duhaov" (worn) {MR+ Int+3}
   (You took it off a deep elf sorcerer on level 3 of the Elven Halls)

   It affects your intelligence (+3).
   It affects your resistance to hostile enchantments.
 m - a +4 large shield of cold resistance
 p - a +2 pair of boots (worn)
 w - the +0 pair of boots of the Butterfly {rCorr Int+3 Dex+4 Slay-3}
   (You bought it in a shop on level 1 of the Orcish Mines)

   It affects your intelligence (+3).
   It affects your dexterity (+4).
   It affects your accuracy and damage with ranged weapons and melee attacks
   (-3).
   It protects you from acid and corrosion.
 z - the +10 plate armour "Triwez" (worn) {Slay+3}
   (You found it on level 6 of the Pits of Slime)

   It affects your accuracy and damage with ranged weapons and melee attacks
   (+3).
 I - the +0 cloak of the New World (worn) {Contam rPois rC+ rN+}
   (You bought it in a shop on level 1 of the Orcish Mines)

   It protects you from cold.
   It protects you from poison.
   It protects you from negative energy.
   It causes magical contamination when unequipped.
 R - the +2 pair of gloves "Sehoug" (worn) {Str+3}
   (You found it on level 6 of the Pits of Slime)

   It affects your strength (+3).
 T - a +2 hat of intelligence (worn)
Jewellery
 f - an uncursed amulet of guardian spirit
 v - a +4 ring of evasion (left hand)
 J - an uncursed ring of see invisible
 K - a +4 ring of strength (right hand)
 W - the amulet of Wasakh (around neck) {Spirit MP+9 Slay+2}
   (You found it on level 6 of the Pits of Slime)

   [amulet of guardian spirit]

   It causes incoming damage to be split between your health and magic.
   It affects your accuracy and damage with ranged weapons and melee attacks
   (+2).
   It affects your magic capacity (+9).
 Z - an uncursed ring of protection from fire
Magical devices
 e - a wand of teleportation (4)
 o - a wand of disintegration (9)
 s - a wand of digging (18)
 y - a wand of heal wounds (5)
 B - a wand of enslavement (14)
 D - a wand of slowing (17)
 S - a wand of fireball (3)
Scrolls
 b - 4 scrolls of blinking
 j - 25 scrolls of remove curse
 n - 14 scrolls of identify
 t - a scroll of acquirement
 G - 4 scrolls of magic mapping
 H - 9 scrolls of teleportation
 Q - a scroll of holy word
 V - 11 scrolls of fear
 Y - 10 scrolls of enchant weapon
Potions
 d - 3 potions of invisibility
 h - 2 potions of haste
 q - 5 potions of restore abilities
 r - 9 potions of curing
 A - 3 potions of heal wounds
 C - 2 potions of agility
 E - a potion of flight
 N - 4 potions of might
 U - 2 potions of cancellation
Books
 X - a book of Maledictions

   Spells                             Type                      Level
   a - Corona                         Hexes                        1
   b - Sure Blade                     Hexes/Charms                 2
   c - Ensorcelled Hibernation        Hexes/Ice                    2
   d - Confuse                        Hexes                        3
   e - Dazzling Spray                 Conjuration/Hexes            3
   f - Enslavement                    Hexes                        4
Miscellaneous
 l - a crystal ball of energy
 x - an ornate deck of wonders {drawn: 1}
 P - a plain deck of defence {drawn: 7}
Comestibles
 g - 21 bread rations
 k - 11 slices of pizza
 M - 4 royal jellies


   Skills:
 * Level 25.8 Fighting
   Level 19.4(24.0) Axes
 * Level 21.1(22.9) Maces & Flails
 + Level 23.4 Armour
 - Level 6.2 Dodging
 - Level 21.7 Shields


You had 25 spell levels left.
You didn't know any spells.

Dungeon Overview and Level Annotations

Branches:
Dungeon (15/15)            Temple (1/1) D:6            Lair (8/8) D:8
  Swamp (5/5) Lair:4        Snake (5/5) Lair:6        Slime (6/6) Lair:8
    Orc (4/4) D:11            Elf (3/3) Orc:4        Vaults (5/5) D:14
  Crypt (0/3) Vaults:3     Depths (5/5) D:15            Zot (5/5) Depths:5

Altars:
Ashenzari
Cheibriados
Dithmenos
Elyvilon
Fedhas
Gozag
Kikubaaqudgha
Makhleb
Nemelex Xobeh
Okawaru
Qazlal
Ru
Sif Muna
Trog
Vehumet
Xom
Yredelemnul
Zin
The Shining One
Beogh
Jiyva

Shops:
Orc:1 [   Orc:4 [}:*   Elf:3 :   Snake:3 [   Vaults:1 (   Vaults:2 *

Portals:
Hell: Depths:1 Depths:2 Depths:3 Depths:4 Depths:5
Abyss: Depths:2 Depths:4
Pandemonium: Depths:3 Depths:4
Ziggurat: Depths:1

Annotations:
Swamp:5 ontamu's ghost, mighty GrWz


Innate Abilities, Weirdness & Mutations

You can walk on water.
You are surrounded by a mild repulsion field (EV +2).
You are partially covered in icy blue scales (AC +1).
You tend to lose your temper in combat.
Scrolls take you a little longer to read.
You are extremely frail (-30% HP).
Your magical capacity is low (-10% MP).
You are weak. (Str -2)
Potions and wands are poor at restoring your health.
You expend magic power (3 MP) to slightly strengthen your wands.


Message History

You finish recalling your allies.
Murdo hits the orb of fire with a +2 broad axe of venom!
Murdo hits the golden dragon with a +2 broad axe of venom.
You block the golden dragon's attack. x3
You are too injured to fight recklessly!
You are too injured to fight recklessly!
Unknown command.
You are too injured to fight recklessly!
The golden dragon bites Murdo!!
The golden dragon claws Murdo!
The golden dragon tramples Murdo!
Murdo stumbles backwards!
The pale draconian breathes steam at you.
The ball of steam hits you!
The ancient lich casts a spell.
The ancient lich flickers and vanishes!
Deactivating autopickup; reactivate with Ctrl-A.
The orb of fire glows bright magenta.
The fireball explodes!
The fireball engulfs the golden dragon.
The golden dragon resists.
The fireball engulfs Arkwar.
The fireball engulfs you!
You die...

,,**,,,,,,,,,**,,,,,,,,,,,,,,,...
,,***,,,,,,,***,,,,,,,,,,,,,,,...
,,* ********* *,,,,,,,,,,,,,,....
,** **,,,,,,,,,,,,,.... **
***,,,,,,,,,,,....
****,,,,,,,,.... *
#▓▓▓▓▓▓▓#▓▓▓##... ###
###..y..{.......(.. ..##
##o@D*##(.....(.....
...###########§§o###......((o....
#............d..###.............^
##.............## #..............
#.............# #..............
##...........## #..............
#...........# #..............
##........./.## #..............
#.............# *#.............


You could see an orb of fire, a golden dragon (berserk), a pale draconian, a
moth of wrath, the friendly Arkwar the orc warlord and the friendly Murdo the
orc warlord (frenzied).

Vanquished Creatures
  An orb of fire (Zot:3)
  2 ancient liches
  Sojobo (Vaults:2)
  2 curse toes
  A Killer Klown (Zot:5)
  5 golden dragons
  Jory (Depths:5)
  the Enchantress (Depths:2)
  A bone dragon (Depths:5)
  An electric golem (Zot:2)
  4 liches
  11 tentacled monstrosities
  Vashnia (Snake:5)
  7 Orb Guardians (Zot:5)
  A deep elf blademaster (Elf:3)
  A deep elf master archer (Elf:3)
  2 quicksilver dragons (Depths:4)
  10 acid blobs
  5 tengu reavers
  4 sphinxes
  Kirke (Elf:2)
  6 shadow dragons
  9 storm dragons
  2 draconian monks
  7 azure jellies
  9 fire giants
  5 greater nagas
  An iron dragon (Depths:3)
  6 deep elf sorcerers (Elf:3)
  2 ghost moths
  Aizul (Swamp:5)
  A balrug (Depths:3)
  A draconian zealot (Zot:1)
  4 draconian knights
  11 vault wardens
  7 frost giants
  2 draconian annihilators
  Jorgrun (Vaults:3)
  A very ugly thing (Depths:4)
  3 emperor scorpions
  A war gargoyle (Vaults:4)
  3 spriggan defenders
  2 draconian shifters (Zot:4)
  5 stone giants
  A vampire knight (Depths:4)
  9 ironheart preservers
  2 grey draconians
  6 deep elf demonologists
  3 draconian callers
  5 green draconians
  7 black draconians
  4 white draconians
  3 yellow draconians
  2 dire elephants
  4 deep elf annihilators
  3 purple draconians (Zot:4)
  A pale draconian (Zot:4)
  3 red draconians
  A blizzard demon (Vaults:5)
  8 mottled draconians
  7 ettins
  10 fire dragons
  3 deep elf death magi (Elf:3)
  7 death oozes
  2 minotaurs
  8 ogre magi
  25 vault guards
  17 yaktaur captains
  15 great orbs of eyes
  4 deep elf high priests
  4 ice dragons
  4 death cobs
  8 hydras
  7 rakshasas
  6 naga warriors
  7 anacondas
  3 alligators
  13 death yaks
  Erica (Lair:5)
  8 spriggan air magi
  6 tengu warriors
  8 centaur warriors
  8 deep troll earth magi
  9 dancing weapons (Elf:2)
  6 shock serpents
  9 spriggan berserkers
  17 deep troll shamans
  9 naga sharpshooters
  2 sun demons (Depths:3)
  47 spriggans
  A titan skeleton (Vaults:4)
  8 hell knights
  A shadow wraith (Vaults:5)
  13 deep elf knights
  2 salamander mystics
  2 skeletal warriors (D:15)
  3 fire crabs
  9 iron trolls
  A flayed ghost (Depths:3)
  Erolcha (D:13)
  29 deep trolls
  2 spectral hydras (Swamp:5)
  4 hill giants
  2 swamp dragons (Swamp:1)
  5 harpies
  A hill giant (shapeshifter) (Vaults:2)
  An ice statue (Vaults:3)
  9 orc knights
  9 spriggan druids
  2 naga ritualists
  4 deep elf summoners
  8 deep elf conjurers
  2 wizards
  9 ironbrand convokers
  An orc sorcerer (Orc:4)
  A sphinx zombie (Vaults:2)
  7 griffons
  9 wolf spiders
  2 oklob plants (Zot:1)
  6 mana vipers
  4 manticores
  2 shining eyes
  A manticore (shapeshifter) (Depths:3)
  6 salamanders
  A lindwurm (Lair:8)
  An eye of devastation (Slime:6)
  A moth of wrath (shapeshifter) (Vaults:4)
  8 necromancers
  An octopode (shapeshifter) (Vaults:4)
  5 hornets
  5 phantasmal warriors
  A stone giant skeleton (Vaults:3)
  16 moths of wrath
  7 elephants
  27 ugly things
  24 black mambas
  8 vault sentinels
  3 guardian serpents
  7 cyclopes
  5 torpor snails
  A sixfirhy (Orc:4)
  2 orange crystal statues
  11 spiny frogs
  15 naga magi
  A demonic crawler (Depths:3)
  9 komodo dragons
  2 kobold demonologists (Vaults:2)
  2 swamp worm zombies (Swamp:5)
  47 yaktaurs
  A troll (shapeshifter) (Depths:1)
  2 fire drakes (shapeshifter)
  A hellion (Vaults:2)
  3 fire drakes (Lair:8)
  A queen bee (shapeshifter) (Depths:1)
  3 burning bushes (Zot:1)
  6 tengu conjurers
  3 hydra zombies (Swamp:5)
  22 two-headed ogres
  A two-headed ogre (shapeshifter) (Vaults:4)
  9 deep elf priests
  7 trolls
  2 baby alligators (Swamp:5)
  5 giant leeches
  9 blink frogs
  Prince Ribbit (D:4)
  3 freezing wraiths
  2 spectral swamp dragons (Swamp:5)
  3 boulder beetles
  A fire giant simulacrum (Vaults:2)
  A raven (shapeshifter) (Vaults:4)
  A spectral orc (Lair:3)
  An alligator zombie (Swamp:5)
  15 ravens
  6 bog bodies
  65 slime creatures
  4 air elementals (Depths:5)
  8 redbacks
  4 basilisks
  17 deep elf magi
  A spectral giant leech (Swamp:4)
  A trapdoor spider (D:15)
  A yak (shapeshifter) (Vaults:2)
  A tarantella (Vaults:4)
  4 water elementals (Depths:1)
  2 steam dragons
  4 hippogriffs
  2 hogs (Elf:2)
  37 yaks
  An elf skeleton (Vaults:4)
  4 shadows
  A yaktaur simulacrum (Vaults:4)
  2 fire elementals (D:15)
  A human (shapeshifter) (Vaults:2)
  A wolf (Lair:8)
  2 hungry ghosts
  2 wraiths
  19 deep elf fighters
  2 wyverns
  7 insubstantial wisps
  4 wargs
  13 vampire mosquitoes
  Edmund (D:8)
  2 mottled dragons
  A naga (shapeshifter) (Depths:1)
  14 orc warriors
  35 nagas
  A soldier ant (D:13)
  16 swamp worms
  19 water moccasins
  A hornet simulacrum (Vaults:1)
  3 black bears
  4 porcupines
  A necrophage (D:5)
  3 human zombies
  3 swamp dragon zombies (Swamp:5)
  9 swamp drakes
  2 sky beasts
  4 ice beasts
  23 wasps
  11 centaurs
  7 eyes of draining
  51 ogres
  5 phantoms
  An eye of draining (shapeshifter) (Vaults:5)
  3 human skeletons
  13 crocodiles
  A big kobold (shapeshifter) (Depths:3)
  3 brain worms (Lair:8)
  4 big kobolds
  Blork the orc (D:5)
  15 giant frogs
  2 scorpions
  23 killer bees
  5 wights
  An electric eel (Snake:1)
  2 goliath beetles
  An oklob sapling (Zot:1)
  10 crimson imps
  2 giant frog zombies (D:13)
  18 jellies
  5 centaur skeletons
  2 giant frog skeletons
  A gnoll shaman (D:5)
  5 hounds
  A quasit (D:9)
  7 iguanas
  14 orc wizards
  A spectral swamp drake (Swamp:4)
  11 orc priests
  A lightning spire (Zot:1)
  10 worker ants
  5 sheep (Lair:3)
  Robin (D:2)
  20 gnolls
  18 adders
  A swamp drake zombie (Swamp:5)
  46 river rats
  3 giant mites
  4 shadow imps
  12 worms
  An adder zombie (D:8)
  7 giant geckos
  6 oozes
  51 orcs
  18 bats
  5 bat skeletons (Depths:2)
  18 goblins
  16 hobgoblins
  19 jackals
  30 kobolds
  A ball python (D:7)
  9 giant cockroaches
  7 giant newts
  2 giant spores
  12 quokkas
  3 quokka zombies
  22 rats
  8 ballistomycetes
  3 bushes (Depths:2)
  9 fungi
  8 plants
1935 creatures vanquished.

Vanquished Creatures (collateral kills)
  the royal jelly (Slime:6)
  3 orbs of fire
  An ancient lich (Zot:5)
  Margery (Depths:4)
  Saint Roka (Orc:4)
  4 golden dragons
  A bone dragon (Swamp:5)
  3 tentacled monstrosities
  3 Orb Guardians (Zot:5)
  A deep elf blademaster (Elf:2)
  2 titans
  7 acid blobs
  4 sphinxes
  A thorn hunter (Swamp:1)
  8 storm dragons
  3 shadow dragons
  A draconian monk (Zot:4)
  A frost giant (Depths:1)
  2 deep elf sorcerers (Elf:3)
  Wiglaf (Swamp:4)
  4 greater nagas
  2 draconian scorchers
  An orc warlord (Orc:4)
  A fire giant (Depths:4)
  An iron dragon (Depths:4)
  4 vault wardens
  A ghost moth (Zot:2)
  Gastronok (D:12)
  A draconian shifter (Zot:1)
  4 stone giants
  4 very ugly things
  2 spriggan defenders (Depths:2)
  An ironheart preserver (Vaults:4)
  The ghost of Frenchkiss the Grappler, a powerful TrMo of Cheibriados (Lair:4)
  A vampire knight (Depths:4)
  A black draconian (Zot:4)
  Azrael (D:15)
  2 dire elephants
  3 purple draconians
  2 yellow draconians
  4 ettins
  A deep elf death mage (Depths:3)
  13 vault guards
  A death ooze (Slime:6)
  2 fire dragons
  2 great orbs of eyes
  4 yaktaur captains
  4 death cobs
  Fannar (Lair:2)
  A deep elf high priest (Vaults:5)
  Harold (D:13)
  A rakshasa (Depths:3)
  3 ice dragons
  8 naga warriors
  Nessos (D:14)
  A catoblepas (D:15)
  2 anacondas
  3 ghost crabs
  A spriggan air mage (Depths:5)
  14 hydras
  4 dancing weapons (Elf:2)
  3 alligators
  2 deep troll shamans (Depths:5)
  4 ogre magi
  10 death yaks
  A centaur warrior (D:14)
  3 deep troll earth magi
  A tengu warrior (Depths:2)
  A sun demon (Orc:4)
  10 naga sharpshooters
  3 iron trolls
  5 orc high priests (Orc:4)
  4 skeletal warriors
  A death drake (Zot:1)
  5 deep elf knights (Elf:2)
  A shadow wraith (Vaults:5)
  2 sea snakes (Snake:1)
  2 hell knights (Depths:4)
  A ball lightning (Swamp:5)
  2 giant orange brains
  A flayed ghost (Vaults:2)
  12 deep trolls
  A swamp dragon (Swamp:2)
  3 ironbrand convokers
  A shambling mangrove (Swamp:2)
  3 hill giants
  5 naga ritualists
  3 deep elf summoners
  A wizard (Depths:3)
  2 lindwurms
  6 orc knights
  2 phantasmal warriors
  3 hornets
  5 shining eyes
  6 salamanders
  2 deep elf conjurers
  A rust devil (Elf:3)
  16 ugly things
  4 necromancers
  3 orc sorcerers
  A wolf spider (Vaults:1)
  5 cyclopes
  27 slime creatures
  An octopode (shapeshifter) (Elf:3)
  4 griffons
  22 black mambas
  3 vault sentinels
  6 moths of wrath
  A guardian serpent (Snake:4)
  Maurice (D:12)
  18 naga magi
  A sixfirhy (Swamp:1)
  A stone giant skeleton (Vaults:2)
  2 manticores
  A centaur zombie (D:15)
  4 elephants
  4 komodo dragons
  An orange demon (Elf:3)
  A torpor snail (Lair:8)
  A fire drake (shapeshifter) (Depths:4)
  Psyche (D:12)
  12 spiny frogs
  2 centaur skeletons
  4 swamp worm zombies (Swamp:5)
  A fire drake (Lair:3)
  An efreet (D:11)
  A tormentor (Vaults:5)
  A kobold demonologist (Vaults:2)
  A hellion (Vaults:5)
  A blue devil (Orc:4)
  A hellwing (Elf:3)
  19 yaktaurs
  6 deep elf priests
  A jumping spider (shapeshifter) (Vaults:5)
  4 freezing wraiths
  A burning bush (Zot:1)
  4 trolls
  26 blink frogs
  Sonja (Snake:1)
  5 two-headed ogres
  A queen bee (D:8)
  A boulder beetle (Vaults:2)
  4 giant leeches
  2 baby alligators
  3 bog bodies
  6 basilisks
  A trapdoor spider (D:15)
  A spectral swamp dragon (Swamp:5)
  5 ravens
  A deep elf mage (D:10)
  A spectral lindwurm (Swamp:4)
  A spectral giant leech (Swamp:2)
  3 spriggans
  5 redbacks
  2 tarantellas (Vaults:5)
  A wraith (D:14)
  A fire elemental (D:15)
  3 air elementals
  A water elemental (Depths:1)
  6 hippogriffs
  A neqoxec (Vaults:3)
  2 wargs
  32 yaks
  12 swamp worms
  7 deep elf fighters
  A hungry ghost (D:10)
  2 steam dragons (Lair:8)
  21 nagas
  A spectral spiny frog (Swamp:2)
  8 vampire mosquitoes
  A deep troll zombie (Vaults:4)
  8 insubstantial wisps
  2 mottled dragons (Lair:8)
  6 wolves (Lair:6)
  15 water moccasins
  5 hell hounds (D:15)
  An ice beast (D:12)
  13 orc warriors
  3 swamp drakes
  2 eyes of draining
  A porcupine (Lair:3)
  A human skeleton (Depths:4)
  3 human zombies
  A swamp dragon zombie (Swamp:5)
  4 sky beasts
  A black bear (D:10)
  12 orc wizards
  A boring beetle (Lair:6)
  3 phantoms (Swamp:5)
  7 wasps
  13 centaurs
  18 ogres
  9 crocodiles
  A spectral water moccasin (Swamp:2)
  A big kobold (D:10)
  A brain worm (Lair:8)
  12 giant frogs
  An orc zombie (Vaults:5)
  A wyvern skeleton (D:14)
  6 wights
  2 scorpions
  An elf skeleton (Vaults:5)
  A spectral crocodile (Swamp:2)
  3 electric eels
  13 killer bees
  6 crimson imps
  A goliath beetle (D:8)
  2 quasits
  14 orc priests
  15 jellies
  4 worker ants
  3 hounds
  3 iguanas
  A spectral swamp drake (Swamp:5)
  2 hell rats
  2 sheep (Lair:3)
  A hound zombie (D:9)
  A mummy (D:13)
  33 river rats
  7 adders
  A swamp drake zombie (Swamp:5)
  7 worms (Lair:8)
  2 giant mites (Lair:2)
  A shadow imp (D:12)
  2 ufetubi (Orc:4)
  65 orcs
  A bat skeleton (Depths:2)
  4 hobgoblins
  4 kobolds
  3 quokkas
  2 bats
  8 goblins
  2 spectral orcs
  5 ballistomycetes
  2 briar patches (Swamp:1)
  4 crawling corpses
  7 fungi
  11 plants
1033 creatures vanquished.

Vanquished Creatures (others)
  A golden dragon (Depths:5)
  5 orc warlords
  A vault warden (Vaults:5)
  A draconian zealot (Zot:1)
  Nergalle (Vaults:1)
  5 orc high priests
  23 orc knights
  A sun demon (Depths:1)
  2 ball lightnings (Swamp:5)
  An unseen horror (Vaults:1)
  5 orc sorcerers
  2 phantasmal warriors (Vaults:5)
  A smoke demon (Elf:3)
  A spiny frog (Lair:2)
  A blue devil (Slime:3)
  A spriggan (Swamp:5)
  A ynoxinul (Swamp:5)
  An air elemental (Depths:4)
  A deep troll zombie (Depths:4)
  A swamp worm (Swamp:2)
  A swamp drake (Swamp:5)
  36 orc warriors
  A lost soul (Depths:3)
  A killer bee (D:9)
  39 orc priests
  23 orc wizards
  5 ufetubi
  229 orcs
  4 giant spores
  A kobold (D:12)
  48 spectral orcs
  2 bushes
  2 fungi (Lair:2)
  7 plants
455 creatures vanquished.

Grand Total: 3423 creatures vanquished

Notes
Turn   | Place    | Note
--------------------------------------------------------------
     0 | D:1      | KarvaRausku, the Hill Orc Fighter, began the quest for the Orb.
     0 | D:1      | Reached XP level 1. HP: 19/19 MP: 1/1
    93 | D:1      | Reached XP level 2. HP: 20/27 MP: 2/2
   185 | D:1      | Reached skill level 4 in Fighting
   420 | D:1      | Reached XP level 3. HP: 33/33 MP: 3/3
  1368 | D:2      | Reached XP level 4. HP: 22/41 MP: 4/4
  1495 | D:2      | Noticed Robin
  1504 | D:2      | Killed Robin
  1996 | D:3      | Reached skill level 5 in Fighting
  2181 | D:3      | Reached XP level 5. HP: 48/48 MP: 5/5
  2361 | D:3      | Found a shadowy altar of Dithmenos.
  2558 | D:3      | Noticed an ogre
  2986 | D:4      | Noticed an ogre
  2994 | D:4      | Killed an ogre
  2994 | D:4      | Reached skill level 6 in Fighting
  2994 | D:4      | Reached XP level 6. HP: 36/57 MP: 6/6
  3128 | D:4      | Became a worshipper of Beogh the Brigand
  3308 | D:4      | Found a burning altar of Makhleb.
  3308 | D:4      | Noticed an Executioner
  3340 | D:4      | Noticed an ogre
  3349 | D:4      | Killed an ogre
  3480 | D:4      | Reached XP level 7. HP: 50/64 MP: 7/7
  3554 | D:4      | Reached skill level 5 in Axes
  3740 | D:5      | Entered Level 5 of the Dungeon
  3750 | D:5      | Acquired Beogh's first power
  3755 | D:5      | Reached skill level 5 in Armour
  3827 | D:5      | Reached skill level 7 in Fighting
  3855 | D:5      | Noticed Prince Ribbit
  3867 | D:5      | Reached skill level 5 in Shields
  4151 | D:5      | HP: 2/66 [Prince Ribbit (5)]
  4644 | D:5      | Reached XP level 8. HP: 65/73 MP: 8/8
  5286 | D:5      | Reached skill level 8 in Fighting
  5386 | D:4      | Killed Prince Ribbit
  5550 | D:6      | Noticed Blork the orc
  5557 | D:5      | Killed Blork the orc
  5559 | D:5      | Acquired Beogh's second power
  5624 | D:6      | Reached XP level 9. HP: 63/82 MP: 9/9
  5692 | D:6      | Found a staircase to the Ecumenical Temple.
  5698 | Temple   | Entered the Ecumenical Temple
  5904 | D:6      | Found a deep blue altar of Sif Muna.
  5953 | D:6      | Reached skill level 9 in Fighting
  7402 | D:7      | Acquired Beogh's third power
  7999 | D:8      | Noticed Edmund
  8011 | D:8      | Reached skill level 10 in Fighting
  8024 | D:8      | Killed Edmund
  8034 | D:8      | Reached skill level 10 in Axes
  8034 | D:8      | Gained Alork as an ally
  8061 | D:8      | Got a pair of bloodstained boots
  8067 | D:8      | Identified the +0 pair of boots of Plog {MP+9} (You found it on level 8 of the Dungeon)
  8150 | D:8      | Reached XP level 10. HP: 56/94 MP: 10/10
  8442 | D:8      | Acquired Beogh's fourth power
  8610 | D:8      | Reached skill level 11 in Axes
  9031 | D:8      | Found a staircase to the Lair.
  9088 | D:8      | Noticed a skeletal warrior
  9102 | D:8      | Killed a skeletal warrior
  9532 | D:8      | Gained mutation: You passively map a small area around you. [potion of mutation]
  9532 | D:8      | Gained mutation: Your flesh is heat resistant. [potion of mutation]
  9532 | D:8      | Gained mutation: You have a pair of small horns on your head. [potion of mutation]
 10185 | D:9      | Found a sacrificial altar of Ru.
 10185 | D:9      | Found a radiant altar of Vehumet.
 10186 | D:9      | Found an opulent altar of Gozag.
 10187 | D:9      | Found a basalt altar of Yredelemnul.
 10187 | D:9      | Found a shattered altar of Ashenzari.
 10187 | D:9      | Found a burning altar of Makhleb.
 10668 | D:9      | Noticed a white ugly thing
 10685 | D:9      | Killed a white ugly thing
 10900 | D:10     | Entered Level 10 of the Dungeon
 10944 | D:10     | Gained Bogbarth as an ally
 11150 | D:10     | Reached XP level 11. HP: 99/102 MP: 11/11
 11169 | D:10     | Found a deep blue altar of Sif Muna.
 11183 | D:10     | Acquired Beogh's fifth power
 11183 | D:10     | Gained Garbold as an ally
 11183 | D:10     | Reached skill level 12 in Axes
 11609 | D:10     | Noticed a hill giant
 11618 | D:10     | Killed a hill giant
 12027 | D:11     | Gained Bogdan as an ally
 12080 | D:11     | Found a basalt altar of Yredelemnul.
 12124 | D:11     | Your ally Bogdan died
 12185 | D:11     | Found a bloodstained altar of Trog.
 12484 | Temple   | Gained mutation: You can breathe flames. [potion of beneficial mutation]
 12774 | D:11     | Found a staircase to the Orcish Mines.
 12782 | D:11     | Gained Rocco as an ally
 12811 | D:11     | Gained Bogwald as an ally
 12970 | D:11     | Got a steaming scale mail
 12982 | D:11     | Identified the +1 scale mail of Benevolence {rF+ MR+ rCorr} (You took it off an orc on level 11 of the Dungeon)
 13098 | D:11     | Reached skill level 13 in Axes
 13430 | D:12     | Noticed Gastronok
 13444 | D:12     | Killed Gastronok
 13444 | D:12     | Reached skill level 10 in Shields
 13516 | Orc:1    | Entered Level 1 of the Orcish Mines
 13564 | Orc:1    | Found Viamoz's Antique Armour Shoppe.
 13624 | Orc:1    | Bought a pair of slimy boots for 285 gold pieces
 13624 | Orc:1    | Bought a scorched cloak for 285 gold pieces
 13636 | Orc:1    | Identified the +0 cloak of the New World {Contam rPois rC+ rN+} (You bought it in a shop on level 1 of the Orcish Mines)
 13646 | Orc:1    | Identified the +0 pair of boots of the Butterfly {rCorr Int+3 Dex+4 Slay-3} (You bought it in a shop on level 1 of the Orcish Mines)
 13734 | Orc:2    | Reached XP level 12. HP: 91/113 MP: 7/12
 14202 | Orc:4    | Entered Level 4 of the Orcish Mines
 14432 | Orc:4    | Noticed an orc warlord
 14447 | Orc:4    | Killed an orc warlord
 14447 | Orc:4    | Reached skill level 10 in Armour
 14516 | Orc:4    | Gained Learuk as an ally
 14517 | Orc:4    | Your ally Learuk died
 14616 | Orc:4    | Gained Geork as an ally
 14682 | Orc:4    | Got a crude turquoise ring
 14684 | Orc:4    | Identified the ring "Ufitud" {rPois rC+} (You found it on level 4 of the Orcish Mines)
 14780 | Orc:4    | Found a staircase to the Elven Halls.
 14876 | Orc:4    | Noticed Saint Roka
 14876 | Orc:4    | Found a roughly hewn altar of Beogh.
 14884 | Orc:4    | Gained Grimold as an ally
 14894 | Orc:4    | Killed Saint Roka
 14894 | Orc:4    | Reached skill level 14 in Axes
 14942 | Orc:4    | Gained Hawl as an ally
 14947 | Orc:4    | Your ally Hawl died
 14956 | Orc:4    | Your ally Geork died
 14963 | Orc:4    | Noticed an orc high priest
 14963 | Orc:4    | Noticed an orc high priest
 14970 | Orc:4    | Killed an orc high priest
 14970 | Orc:4    | Gained Orkrul as an ally
 14976 | Orc:4    | Killed an orc high priest
 15024 | Orc:4    | Noticed an orc high priest
 15025 | Orc:4    | Found Qaraniep's General Store.
 15037 | Orc:4    | Killed an orc high priest
 15168 | Orc:4    | Found Ekouk's Book Emporium.
 15168 | Orc:4    | Noticed an orc high priest
 15201 | Orc:4    | Noticed an orc high priest
 15201 | Orc:4    | Noticed an orc high priest
 15231 | Orc:4    | Killed an orc high priest
 15231 | Orc:4    | Gained Norbak as an ally
 15232 | Orc:4    | Killed an orc high priest
 15232 | Orc:4    | Gained Arbeogh as an ally
 15687 | Orc:4    | Gained Arkwar as an ally
 15689 | Orc:4    | Found Akaus' Antique Armour Emporium.
 15701 | Orc:4    | Found Buijuapn's Gadget Shoppe.
 15726 | Orc:4    | Found a roughly hewn altar of Beogh.
 15884 | Orc:4    | Gained Wargath as an ally
 15891 | Orc:4    | Gained Wargrak as an ally
 16490 | D:8      | Noticed a manticore
 16501 | D:8      | Killed a manticore
 16539 | Lair:1   | Entered Level 1 of the Lair of Beasts
 16725 | D:7      | Gained Marbaugh as an ally
 16854 | Lair:1   | Reached XP level 13. HP: 123/123 MP: 13/13
 17054 | Lair:1   | Gained Bolgrim as an ally
 17562 | Lair:2   | Noticed Fannar
 17577 | Lair:2   | Killed Fannar
 17916 | Lair:2   | Reached skill level 1 in Dodging
 17916 | Lair:2   | Gained Ugrim as an ally
 17924 | Lair:2   | Your ally Ugrim died
 18155 | Lair:2   | Gained Harm as an ally
 18453 | Lair:2   | Reached skill level 15 in Axes
 18823 | Lair:3   | Gained Arkwar as an ally
 18888 | Lair:3   | Found a dark tunnel.
 18955 | Lair:3   | Noticed Nergalle
 19450 | Lair:1   | Your ally Grimold died
 19463 | Lair:3   | Your ally orc knight died
 19577 | Lair:3   | Gained mutation: Your magical capacity is low (-10% MP). [mutagenic glow]
 19891 | Lair:4   | Your ally Bolgrim died
 20131 | Lair:4   | Found a staircase to the Swamp.
 20319 | Lair:4   | Gained Oruk as an ally
 20769 | Lair:4   | Noticed Frenchkiss' ghost (powerful TrMo)
 20786 | Lair:4   | Killed Frenchkiss' ghost
 21046 | Lair:5   | Reached XP level 14. HP: 133/133 MP: 12/12
 21123 | Lair:5   | Noticed Erica
 21143 | Lair:5   | Killed Erica
 22133 | Lair:6   | Found a staircase to the Snake Pit.
 22141 | Lair:6   | Gained Bladwarg as an ally
 22196 | Lair:6   | Gained Arkwar as an ally
 22658 | Lair:7   | Gained Ogrik as an ally
 22869 | Lair:7   | Gained Bogric as an ally
 22871 | Lair:7   | Reached skill level 16 in Axes
 23298 | Lair:8   | Entered Level 8 of the Lair of Beasts
 23303 | Lair:8   | Reached skill level 15 in Fighting
 23529 | Lair:8   | Found a staircase to the Slime Pits.
 23913 | Lair:8   | Found a runed door.
 24037 | Lair:8   | Reached skill level 5 in Dodging
 24798 | Lair:1   | Your ally Rocco died
 24798 | Lair:1   | Gained Olfik as an ally
 24942 | D:12     | Noticed Maurice
 24958 | D:12     | Killed Maurice
 24958 | D:12     | Reached XP level 15. HP: 104/141 MP: 13/13
 24988 | D:12     | Noticed Psyche
 24994 | D:12     | Killed Psyche
 25655 | D:12     | Gained Oreg as an ally
 25665 | D:12     | Gained Wulfoc as an ally
 25812 | D:12     | Noticed a seven-headed hydra
 25820 | D:12     | Killed a five-headed hydra
 26866 | D:13     | Noticed Harold
 26873 | D:13     | Killed Harold
 27142 | D:13     | Noticed Erolcha
 27152 | D:13     | Killed Erolcha
 27418 | D:13     | Reached skill level 17 in Axes
 27946 | D:14     | Noticed Nessos
 27955 | D:14     | Killed Nessos
 27992 | D:14     | Gained Margrim as an ally
 28002 | D:14     | Your ally Wulfoc died
 28057 | D:14     | Found a gate to the Vaults.
 28301 | D:14     | Gained Bogric as an ally
 28708 | D:15     | Entered Level 15 of the Dungeon
 29028 | D:15     | Noticed Azrael
 29039 | D:15     | Killed Azrael
 29262 | D:15     | Found a staircase to the Depths.
 29803 | D:15     | Reached XP level 16. HP: 152/152 MP: 14/14
 30191 | D:14     | Your ally Bogric died
 30773 | Swamp:1  | Entered Level 1 of the Swamp
 30957 | Swamp:1  | Noticed a thorn hunter
 30969 | Swamp:1  | Your ally Garbold died
 30974 | Swamp:1  | Killed a thorn hunter
 30975 | Swamp:1  | Your ally Bladwarg died
 31051 | Swamp:1  | Your ally Arkwar died
 31468 | Swamp:2  | Your ally Harm died
 31538 | Swamp:2  | Your ally orc warrior died
 31557 | Swamp:2  | Reached skill level 18 in Axes
 31686 | Swamp:2  | Gained Okrist as an ally
 31738 | Swamp:2  | Your ally orc warrior died
 32363 | Swamp:3  | Your ally orc warrior died
 33119 | Swamp:4  | Noticed Wiglaf
 33128 | Swamp:4  | Your ally orc warrior died
 33132 | Swamp:4  | Your ally orc warrior died
 33135 | Swamp:4  | Killed Wiglaf
 33167 | Swamp:4  | Reached skill level 15 in Shields
 33697 | Swamp:5  | Entered Level 5 of the Swamp
 33827 | Swamp:5  | Noticed Aizul
 33852 | Swamp:5  | Killed Aizul
 33875 | Swamp:5  | Noticed ontamu's ghost (mighty GrWz)
 33879 | Swamp:5  | Your ally Ogrik died
 33886 | Swamp:5  | Your ally Alork died
 33889 | Swamp:5  | Your ally Okrist died
 33891 | Swamp:5  | Your ally Bogbarth died
 33891 | Swamp:5  | Your ally Arkwar died
 34308 | Swamp:5  | Gained Bogfrid as an ally
 34310 | Swamp:5  | Your ally Bogric died
 34347 | Swamp:5  | Oruk the orc high priest (ally) was killed
 34347 | Swamp:5  | Your ally Oruk died
 34349 | Swamp:5  | Your ally Bogfrid died
 34352 | Swamp:5  | Your ally Arbeogh died
 34485 | Swamp:5  | Your ally Wargath died
 34485 | Swamp:5  | Your ally orc warrior died
 34486 | Swamp:5  | Your ally orc warrior died
 34487 | Swamp:5  | Your ally orc warrior died
 34487 | Swamp:5  | Your ally orc warrior died
 34497 | Swamp:5  | Your ally Wargrak died
 34500 | Swamp:5  | Gained Orbeogh as an ally
 34503 | Swamp:5  | Your ally orc warrior died
 34519 | Swamp:5  | Your ally orc warrior died
 34575 | Swamp:5  | Noticed a bone dragon
 34600 | Swamp:5  | Killed a bone dragon
 34600 | Swamp:5  | Reached XP level 17. HP: 74/162 MP: 9/15
 34608 | Swamp:5  | Gained Gorm as an ally
 34625 | Swamp:5  | Got a decaying rune of Zot
 35044 | Lair:4   | Gained Olfik as an ally
 35126 | Lair:1   | Your ally Arkwar died
 35516 | Snake:1  | Entered Level 1 of the Snake Pit
 35583 | Snake:1  | Reached skill level 15 in Armour
 35786 | Snake:1  | Noticed Sonja
 35793 | Snake:1  | Killed Sonja
 35796 | Snake:1  | Your ally Olfik died
 36121 | Snake:1  | Reached skill level 19 in Axes
 37453 | Snake:2  | Found a gateway to a bazaar.
 37467 | Bazaar   | Entered a bazaar
 37467 | Bazaar   | Found Beptumnu's Armour Emporium.
 37467 | Bazaar   | Found Thried's Magic Scroll Shoppe.
 37467 | Bazaar   | Found Oroamm's Magic Scroll Shoppe.
 37467 | Bazaar   | Found Ewaamoda's Distillery.
 37468 | Bazaar   | Found Pleuxkau's Antique Weapon Emporium.
 37500 | Bazaar   | Bought a runed executioner's axe for 220 gold pieces
 37504 | Bazaar   | Bought a scroll of brand weapon for 200 gold pieces
 37507 | Bazaar   | Bought a +1 pair of gloves of dexterity for 181 gold pieces
 37527 | Bazaar   | Bought a scroll of enchant armour for 112 gold pieces
 37527 | Bazaar   | Bought a scroll of enchant weapon for 112 gold pieces
 37527 | Bazaar   | Bought a scroll of enchant armour for 112 gold pieces
 37538 | Snake:2  | Your ally orc knight died
 37538 | Snake:2  | Your ally orc knight died
 37538 | Snake:2  | Your ally orc knight died
 37538 | Snake:2  | Your ally orc warlord died
 37687 | Snake:2  | Your ally Olfik died
 37928 | Snake:2  | Your ally Oreg died
 37933 | Snake:2  | Your ally Bogwald died
 38038 | Snake:2  | Your ally Marbaugh died
 38589 | Snake:3  | Gained Marbork as an ally
 38603 | Snake:3  | Found a burning altar of Makhleb.
 38626 | Snake:3  | Your ally orc warrior died
 38639 | Snake:3  | Gained Arbolt as an ally
 38728 | Snake:3  | Got a shimmering plate armour
 38729 | Snake:3  | Identified the +9 plate armour of Perpetual Drought {rPois} (You found it on level 3 of the Snake Pit)
 38976 | Snake:3  | Found Broiro's Armour Shoppe.
 39238 | Snake:4  | Got a smoking morningstar
 39239 | Snake:4  | Identified the +7 morningstar "Crif Phisai" {flame, rN++ MR+} (You found it on level 4 of the Snake Pit)
 39317 | Snake:4  | Reached skill level 1 in Maces & Flails
 39437 | Snake:4  | Gained Gorbash as an ally
 40248 | Snake:5  | Entered Level 5 of the Snake Pit
 40369 | Snake:5  | Gained Orkrul as an ally
 40598 | Snake:5  | Noticed Vashnia
 40608 | Snake:5  | Your ally Orkrul died
 40619 | Snake:5  | Reached skill level 5 in Maces & Flails
 40621 | Snake:5  | Gained Garbold as an ally
 40623 | Snake:5  | Your ally orc warrior died
 40623 | Snake:5  | Your ally orc warrior died
 40624 | Snake:5  | Your ally Marbork died
 40628 | Snake:5  | Your ally orc warrior died
 40635 | Snake:5  | Your ally Garbold died
 40635 | Snake:5  | Reached XP level 18. HP: 83/173 MP: 7/16
 40646 | Snake:5  | Your ally orc warrior died
 40648 | Snake:5  | Your ally orc warlord died
 40654 | Snake:5  | Your ally Gorm died
 40663 | Snake:5  | Your ally Orkrul died
 40669 | Snake:5  | Your ally Margrim died
 40677 | Snake:5  | Your ally Gorbash died
 40678 | Snake:5  | Your ally Arbolt died
 42650 | Snake:5  | Your ally orc warrior died
 42650 | Snake:5  | Your ally orc warrior died
 42650 | Snake:5  | Your ally orc warrior died
 42650 | Snake:5  | Your ally orc warrior died
 42650 | Snake:5  | Your ally orc knight died
 42650 | Snake:5  | Your ally orc knight died
 42650 | Snake:5  | Your ally orc knight died
 42650 | Snake:5  | Your ally orc warrior died
 42650 | Snake:5  | Your ally orc warlord died
 42802 | Snake:5  | Your ally orc warrior died
 42814 | Snake:5  | Your ally orc warrior died
 42821 | Snake:5  | Your ally orc warrior died
 42826 | Snake:5  | Your ally orc warrior died
 42829 | Snake:5  | Gained Bolgrim as an ally
 42830 | Snake:5  | Your ally orc knight died
 42836 | Snake:5  | Gained Thorok as an ally
 42846 | Snake:5  | Your ally Orbeogh died
 42851 | Snake:5  | Your ally Bolgrim died
 42858 | Snake:5  | Your ally orc warrior died
 42877 | Snake:5  | Your ally orc warrior died
 42878 | Snake:5  | Killed Vashnia
 43206 | Snake:5  | Your ally Thorok died
 43261 | Snake:5  | Got a serpentine rune of Zot
 43974 | Vaults:1 | Entered Level 1 of the Vaults
 44478 | Vaults:1 | Nergalle (ally) was killed
 44478 | Vaults:1 | Your ally died
 44478 | Vaults:1 | Your ally orc knight died
 44880 | Vaults:1 | Reached skill level 10 in Maces & Flails
 45261 | Vaults:1 | Gained Syrus as an ally
 45315 | Vaults:1 | Found Xeyheos' Weapon Shoppe.
 45323 | Vaults:1 | Gained Marbork as an ally
 45323 | Vaults:1 | Reached XP level 19. HP: 167/183 MP: 16/16
 45479 | Vaults:2 | Noticed a lich
 45508 | Vaults:2 | Your ally Syrus died
 45766 | Vaults:2 | Killed a lich
 45877 | Vaults:2 | Your ally Marbork died
 45889 | Vaults:2 | Found Afayshim's General Store.
 45894 | Vaults:2 | Bought a scroll of blinking for 112 gold pieces
 45894 | Vaults:2 | Bought a +4 ring of evasion for 540 gold pieces
 46346 | Elf:1    | Entered Level 1 of the Elven Halls
 46363 | Elf:1    | Gained Garbold as an ally
 46437 | Elf:1    | Gained Olfrun as an ally
 46743 | Elf:1    | Your ally Olfrun died
 46759 | Elf:1    | Gained Bogbrand as an ally
 46763 | Elf:1    | Gained Orik as an ally
 47336 | Elf:2    | Noticed Kirke
 47344 | Elf:2    | Killed Kirke
 47724 | Elf:2    | Found a runed gate.
 47724 | Elf:2    | Found a runed gate.
 47724 | Elf:2    | Found a runed gate.
 48150 | Elf:3    | Entered Level 3 of the Elven Halls
 48169 | Elf:3    | Found Groiss' Book Emporium.
 48279 | Elf:3    | Your ally Bogbrand died
 48288 | Elf:3    | Noticed a Brimstone Fiend
 48298 | Elf:3    | Your ally Garbold died
 48989 | D:13     | Gained Rocco as an ally
 49521 | Depths:1 | Entered Level 1 of the Depths
 49776 | Depths:1 | Reached skill level 20 in Fighting
 49921 | Depths:1 | Found a gateway to Hell.
 49952 | Depths:1 | Found a gateway to a ziggurat.
 49998 | Depths:1 | Your ally Rocco died
 50003 | Depths:1 | Your ally Orik died
 50467 | Depths:1 | Gained Bogwik as an ally
 50545 | Depths:1 | Gained Hilgar as an ally
 50898 | Depths:1 | Reached XP level 20. HP: 148/193 MP: 13/17
 51902 | Depths:2 | Found a bloodstained altar of Trog.
 52180 | Depths:2 | Noticed the Enchantress
 52200 | Depths:2 | Your ally Bogwik died
 52254 | Depths:2 | Your ally Hilgar died
 52647 | Depths:2 | Killed the Enchantress
 52651 | Depths:2 | Got a faerie dragon armour
 52652 | Depths:2 | Identified the +0 faerie dragon armour {Str+3 Int-2 Dex+7} (You took it off the Enchantress on level 2 of the Depths)
 52810 | Depths:2 | Gained Orbeogh as an ally
 53007 | Depths:2 | Your ally Orbeogh died
 53016 | Depths:2 | Gained mutation: You are partially covered in icy blue scales (AC +1). [potion of beneficial mutation]
 53099 | Depths:2 | Found a one-way gate to the infinite horrors of the Abyss.
 53565 | Depths:1 | Paralysed by a great orb of eyes for 6 turns
 54073 | Elf:3    | Gained Gorm as an ally
 54107 | Elf:3    | Gained Blodwig as an ally
 54207 | Elf:3    | Your ally Gorm died
 54215 | Elf:3    | Gained Arbolt as an ally
 54244 | Elf:3    | Gained Borgk as an ally
 54347 | Elf:3    | Got a distressingly furry ring mail
 54364 | Elf:3    | Identified the +2 ring mail of Indomitability {SInv} (You found it on level 3 of the Elven Halls)
 54428 | Elf:3    | Got a dazzling scale mail
 54431 | Elf:3    | Identified the +4 scale mail of the Sun {rElec rC+} (You found it on level 3 of the Elven Halls)
 55168 | Elf:3    | Got a transparent shield
 55179 | Elf:3    | Identified the +0 shield "Duhaov" {MR+ Int+3} (You took it off a deep elf sorcerer on level 3 of the Elven Halls)
 55399 | Elf:3    | Identified the Compendium of Mutagenic Flames (You found it on level 3 of the Elven Halls)
 55659 | Elf:3    | Got a warped whip
 55660 | Elf:3    | Identified the +7 whip "Blesaas" {slash, rElec Int-3 Dex+4} (You took it off a deep elf sorcerer on level 3 of the Elven Halls)
 56349 | Slime:1  | Entered Level 1 of the Pits of Slime
 56370 | Slime:1  | Gained Olfik as an ally
 56370 | Slime:1  | Reached XP level 21. HP: 189/203 MP: 16/18
 56378 | Slime:1  | Reached skill level 21 in Fighting
 56464 | Slime:3  | Gained mutation: Your body is slowly deteriorating. [a shining eye]
 56546 | Slime:3  | Reached skill level 15 in Maces & Flails
 56793 | Slime:4  | Your ally Olfik died
 57320 | Slime:5  | Gained mutation: You are frail (-10% HP). [a shining eye]
 57433 | Slime:6  | Entered Level 6 of the Pits of Slime
 57438 | Slime:6  | Gained mutation: You are dopey. (Int -2) [a shining eye]
 57488 | Slime:6  | Found a viscous altar of Jiyva.
 57492 | Slime:6  | Noticed the royal jelly
 57529 | Slime:6  | Killed the royal jelly
 57550 | Slime:6  | Your ally Blodwig died
 57561 | Slime:6  | Your ally Borgk died
 57568 | Slime:6  | Your ally Arbolt died
 58243 | Slime:6  | Gained Syrus as an ally
 58346 | Slime:6  | Gained mutation: You tend to lose your temper in combat. [a shining eye]
 58347 | Slime:6  | Gained mutation: You have difficulty communicating with the divine. [a shining eye]
 60461 | Slime:6  | Got a smoking ruby amulet
 60468 | Slime:6  | Got an ebony hand crossbow
 60492 | Slime:6  | Got a polished plate armour
 60497 | Slime:6  | Got a slimy rune of Zot
 60499 | Slime:6  | Identified the Incunabulum of the Glacier
 60531 | Slime:6  | Identified the amulet "Shov" {rMut -Cast rN+ Slay+3} (You found it on level 6 of the Pits of Slime)
 60570 | Slime:6  | Identified the +10 plate armour "Triwez" {Slay+3} (You found it on level 6 of the Pits of Slime)
 60603 | Slime:6  | Identified the +9 hand crossbow "Asaci" {velocity, -Cast MR+ Int+3 Dex+3} (You found it on level 6 of the Pits of Slime)
 60622 | Slime:6  | Got a pair of translucent gloves
 60628 | Slime:6  | Identified the +2 pair of gloves "Sehoug" {Str+3} (You found it on level 6 of the Pits of Slime)
 60679 | Slime:6  | Got a faintly glowing pewter amulet
 60684 | Slime:6  | Identified the amulet of Wasakh {Spirit MP+9 Slay+2} (You found it on level 6 of the Pits of Slime)
 60709 | Slime:6  | Identified the Disquisition on Confrontation (You found it on level 6 of the Pits of Slime)
 61730 | Vaults:2 | Noticed Sojobo
 61755 | Vaults:2 | Killed Sojobo
 61777 | Vaults:2 | Gained Oruk as an ally
 61907 | Vaults:2 | Gained Norbak as an ally
 61908 | Vaults:2 | Your ally Norbak died
 61916 | Vaults:2 | Reached XP level 22. HP: 109/192 MP: 18/18
 63189 | Vaults:3 | Noticed Jorgrun
 63204 | Vaults:3 | Killed Jorgrun
 63204 | Vaults:3 | Reached skill level 22 in Fighting
 63558 | Vaults:3 | Found a staircase to the Crypt.
 63558 | Vaults:3 | Found a basalt altar of Yredelemnul.
 63559 | Vaults:3 | Found an ancient bone altar of Kikubaaqudgha.
 64227 | Vaults:4 | Gained Arkwar as an ally
 64411 | Vaults:4 | Gained Thorok as an ally
 64917 | Vaults:4 | Gained Boderik as an ally
 64923 | Vaults:4 | Your ally Boderik died
 65743 | Vaults:5 | Entered Level 5 of the Vaults
 65949 | Vaults:5 | Your ally Thorok died
 65956 | Vaults:5 | Reached XP level 23. HP: 196/201 MP: 18/18
 66679 | Vaults:5 | Got a silver rune of Zot
 66724 | Vaults:5 | Your ally Oruk died
 66744 | Vaults:5 | Got a heavily runed plate armour
 66938 | Vaults:5 | Identified the cursed -3 plate armour of Indemnity {rElec rPois rF+ rCorr Int-2} (You found it on level 5 of the Vaults)
 67009 | Vaults:5 | Noticed an ancient lich
 67011 | Vaults:5 | Noticed an ancient lich
 67020 | Vaults:5 | Killed an ancient lich
 67038 | Vaults:5 | Your ally Syrus died
 67039 | Vaults:5 | Reached skill level 23 in Fighting
 68067 | Depths:3 | Found a one-way gate leading to the halls of Pandemonium.
 69219 | Depths:3 | Reached XP level 24. HP: 191/211 MP: 18/18
 70841 | Depths:4 | Got an iridescent flail
 70939 | Depths:4 | Noticed Margery
 70993 | Depths:4 | Killed Margery
 71351 | Depths:5 | Entered Level 5 of the Depths
 72029 | Depths:5 | Found a shattered altar of Ashenzari.
 72225 | Depths:5 | Noticed Jory
 72268 | Depths:5 | Killed Jory
 72268 | Depths:5 | Reached skill level 24 in Fighting
 72280 | Depths:5 | Reached XP level 25. HP: 126/220 MP: 13/19
 72835 | Depths:5 | Found a gate to the Realm of Zot.
 73167 | Zot:1    | Entered Level 1 of the Realm of Zot
 73853 | Temple   | Identified the +8 flail of Neurosis {flame, rElec} (You found it on level 4 of the Depths)
 75391 | Zot:1    | Gained Hawl as an ally
 75392 | Zot:1    | Gained Murdo as an ally
 75750 | Zot:1    | Noticed an orb of fire
 75756 | Zot:1    | Gained mutation: You expend magic power (3 MP) to slightly strengthen your wands. [an orb of fire]
 75758 | Zot:1    | Gained mutation: Potions and wands are less effective at restoring your health. [an orb of fire]
 75765 | Zot:1    | Killed an orb of fire
 76296 | Zot:2    | Gained mutation: You are surrounded by a mild repulsion field (EV +2). [potion of beneficial mutation]
 76493 | Zot:2    | Identified a scroll of acquirement
 76791 | Zot:2    | Found an ancient bone altar of Kikubaaqudgha.
 77210 | Zot:2    | Your ally Hawl died
 77615 | Zot:3    | Reached XP level 26. HP: 231/231 MP: 19/19
 77810 | Zot:3    | Noticed an orb of fire
 77812 | Zot:3    | Gained mutation: You are very frail (-20% HP). [an orb of fire]
 77813 | Zot:3    | Gained mutation: Your magical capacity is very low (-20% MP). [an orb of fire]
 77819 | Zot:3    | Killed an orb of fire
 77885 | Zot:3    | Noticed an orb of fire
 77891 | Zot:3    | Gained mutation: You often lose your temper in combat. [an orb of fire]
 77895 | Zot:3    | Gained mutation: You are weak. (Str -2) [an orb of fire]
 77898 | Zot:3    | Killed an orb of fire
 77898 | Zot:3    | Reached skill level 25 in Fighting
 81275 | Zot:5    | Entered Level 5 of the Realm of Zot
 81672 | Depths:4 | Lost mutation: Your body is slowly deteriorating. [potion of cure mutation]
 81672 | Depths:4 | Lost mutation: You have a pair of small horns on your head. [potion of cure mutation]
 81672 | Depths:4 | Lost mutation: You have difficulty communicating with the divine. [potion of cure mutation]
 81672 | Depths:4 | Lost mutation: You passively map a small area around you. [potion of cure mutation]
 81831 | D:15     | Lost mutation: You are dopey. (Int -2) [potion of cure mutation]
 81831 | D:15     | Lost mutation: Your magical capacity is very low (-20% MP). [potion of cure mutation]
 81831 | D:15     | Lost mutation: You can breathe flames. [potion of cure mutation]
 81831 | D:15     | Lost mutation: You often lose your temper in combat. [potion of cure mutation]
 81831 | D:15     | Lost mutation: Your flesh is heat resistant. [potion of cure mutation]
 83090 | Zot:5    | Noticed an ancient lich
 83096 | Zot:5    | Noticed an ancient lich
 83096 | Zot:5    | Killed an ancient lich
 83104 | Zot:5    | Noticed an orb of fire
 83105 | Zot:5    | Killed an ancient lich
 83108 | Zot:5    | Gained mutation: You are extremely frail (-30% HP). [an orb of fire]
 83118 | Zot:5    | Killed an orb of fire
 83158 | Zot:5    | Noticed an orb of fire
 83159 | Zot:5    | Gained mutation: Potions and wands are poor at restoring your health. [an orb of fire]
 83163 | Zot:5    | Noticed an ancient lich
 83163 | Zot:5    | Gained mutation: Scrolls take you a little longer to read. [an orb of fire]
 83186 | Zot:5    | Killed from afar by an orb of fire

Action                   |  1- 3 |  4- 6 |  7- 9 | 10-12 | 13-15 | 16-18 | 19-21 | 22-24 | 25-27 || total
-------------------------+-------+-------+-------+-------+-------+-------+-------+-------+-------++-------
Melee: War axe           |   188 |   218 |   515 |   712 |  1175 |   935 |       |       |       ||  3743
       Morningstar       |       |       |       |       |       |   589 |  1586 |  1337 |   749 ||  4261
Throw: Tomahawk          |       |       |       |     2 |       |       |       |       |       ||     2
Invok: Convert to Beogh  |       |     1 |       |       |       |       |       |       |       ||     1
       Give Item to Name |       |       |       |     3 |     4 |     4 |    15 |     2 |     1 ||    29
       Recall Orcish Fol |       |       |       |     2 |     9 |    17 |    17 |    11 |    16 ||    72
       Stop Recall       |       |       |       |     1 |     9 |    11 |     3 |       |       ||    24
       Smiting           |       |       |       |       |     1 |     1 |     1 |       |       ||     3
 Abil: Breathe Fire      |       |       |       |       |     5 |    14 |    14 |     7 |     4 ||    44
Evoke: Wand              |     1 |     1 |       |       |     5 |     2 |     8 |     1 |       ||    18
       Deck              |       |       |       |       |       |     3 |     2 |     2 |     3 ||    10
  Use: Potion            |       |       |     5 |    11 |     4 |    16 |    16 |     9 |     9 ||    70
       Scroll            |       |       |     2 |    19 |    17 |    18 |    26 |     5 |     4 ||    91
 Stab: Distracted        |       |       |       |     3 |     8 |    26 |    12 |     9 |     6 ||    64
       Fleeing           |       |       |       |       |     1 |       |       |       |       ||     1
       Confused          |       |       |       |       |       |     1 |       |       |     1 ||     2
  Eat: Chunk             |     2 |     7 |    14 |     7 |    55 |       |     5 |       |       ||    90
       Bread ration      |       |       |     1 |     1 |     1 |     4 |     9 |     6 |     4 ||    26
       Meat ration       |       |       |       |     3 |     7 |     4 |     3 |     3 |     3 ||    23
       Fruit             |       |       |       |     3 |     1 |     4 |     1 |       |     3 ||    12
       Beef jerky        |       |       |       |     1 |     4 |     3 |     1 |       |     2 ||    11
       Pizza             |       |       |       |       |       |     2 |       |       |     1 ||     3
       Royal jelly       |       |       |       |       |       |     1 |     1 |       |     2 ||     4
